 Dungeon Crawl Stone Soup version 0.31-a0-177-g4aa6249778 (webtiles) character file.

Game seed: 8343534141157905095

347 qw the Shooter (level 6, -4/56 HPs)
             Began as a Naga Hunter on June 18, 2023.
             Slain by a gnoll
             ... wielding a +0 flail
              (9 damage)
             ... on level 4 of the Dungeon.
             The game lasted 00:01:04 (2744 turns).

qw the Shooter (Naga Hunter)                        Turns: 2744, Time: 00:01:05

Health: -4/56      AC:  8    Str: 13    XL:     6   Next: 59%
Magic:  6/6        EV:  7    Int: 10    God:
Gold:   172        SH:  0    Dex: 16    Spells: 5/5 levels left

rFire   + . .        Y - +1 shortbow
rCold   . . .        (shield currently unavailable)
rNeg    . . .        j - +0 leather armour {rF+}
rPois   +            (no helmet)
rElec   .            (no cloak)
rCorr   .            (no gloves)
SInv    +            i - +0 barding
Will    .....        h - amulet of regeneration
Stlth   ++           (no ring)
HPRegen 1.09/turn    (no ring)
MPRegen 0.10/turn

%: no passive effects
@: short of breath, very slow
A: AC +2, large, see invisible, deformed body, poison resistance, slowness 2,
spit poison 1, naga tail 1
a: Spit Poison


You were on level 4 of the Dungeon.
You visited 1 branch of the dungeon, and saw 4 of its levels.

You collected 172 gold pieces.


Innate Abilities, Weirdness & Mutations

Your serpentine skin is tough. (AC +2)
You have supernaturally acute eyesight. (SInv)
Armour fits poorly on your strangely shaped body.
Your system is resistant to poisons. (rPois)
You cover ground very slowly.
You can spit poison.
You have a snake-like lower body.


   Skills:
 - Level 3.0 Fighting
 + Level 5.3 Ranged Weapons
 - Level 3.3 Armour
 - Level 1.5 Dodging
 - Level 1.5 Stealth


You had 5 spell levels left.
You didn't know any spells.
Your spell library was empty.

Inventory:

Hand Weapons
 Y - a +1 shortbow (weapon)
Armour
 i - a +0 barding (worn)
 j - a +0 leather armour of fire resistance (worn)
Jewellery
 c - a ring of resist corrosion
 h - an amulet of regeneration (around neck)
Scrolls
 b - a scroll of identify
Potions
 a - a potion of enlightenment
 d - a potion of heal wounds {unknown}
 e - a potion of degeneration {unknown}
 g - a potion of invisibility {unknown}
 k - a potion of curing {unknown}
 l - a potion of lignification {unknown}

Dungeon Overview and Level Annotations

Branches:
Dungeon (4/15)
 Temple: D:4-7

Altars:
Makhleb
Ru
Zin

Shops:
D:2 (

Annotations:
D:2 2 transporters, 1 runed translucent door, Crazy Yiuf


Message History

2738 ||| INVOKING Spit Poison.
Aiming: Spit Poison (1% risk of failure)
Press: ? - help, Shift-Dir - straight line, f/p - gnoll The splash of poison hits the gnoll.
The gnoll is poisoned.
The gnoll is almost dead.
You kill the gnoll!
The kobold hits you but does no damage. The gnoll hits you with a +0 flail.
You shoot an arrow. The arrow hits the gnoll!
The gnoll is severely wounded.
The endoplasm hits you. The kobold barely misses you.
The gnoll hits you with a +0 flail.
You shoot an arrow. The arrow hits the gnoll.
The gnoll is severely wounded.
The endoplasm barely misses you. The kobold hits you with a +0 club.
The gnoll hits you with a +0 flail.
You shoot an arrow.
The arrow hits the gnoll but does no damage.
The gnoll is severely wounded.
The endoplasm freezes you.
You are frozen.
The gnoll hits you with a +0 flail. The kobold hits you but does no damage.
The endoplasm hits you but does no damage.
The gnoll hits you with a +0 flail. The kobold hits you but does no damage.
You shoot an arrow. The arrow completely misses the gnoll.
The endoplasm hits you but does no damage.
The kobold hits you but does no damage. The gnoll hits you but does no damage.
You shoot an arrow. The arrow completely misses the gnoll.
You have got your breath back.
The endoplasm hits you. The kobold barely misses you.
The gnoll hits you but does no damage.
2744 ||| INVOKING Spit Poison.
Aiming: Spit Poison (1% risk of failure)
Press: ? - help, Shift-Dir - straight line, f/p - gnoll The splash of poison hits the gnoll but does no damage.
The gnoll is poisoned.
The gnoll is severely wounded.
The endoplasm freezes you.
You are frozen.
The kobold hits you with a +0 club. The gnoll hits you with a +0 flail!
You die...

##...###### #
#.#.......###.###
##.#.###.%...)...
##.## #.).#.....
### #...#...#
#.......#
#.#..##.#
#.#K..#.#.
#.@J......
###g..#### ...#
...# ...# ....
..... ......


You could see a gnoll (poisoned), an endoplasm and a kobold.

Vanquished Creatures
  Sigmund (D:3)
  An orc wizard (D:2)
  3 gnolls (D:4)
  3 adders
  2 worms
  2 dart slugs (D:3)
  2 orcs (D:2)
  6 endoplasms
  4 giant cockroaches
  11 goblins
  7 hobgoblins
  6 jackals
  8 kobolds
  5 quokkas
  5 ball pythons
  5 bats
  2 frilled lizards
  7 rats
80 creatures vanquished.

Notes
Turn   | Place    | Note
-------+----------+-------------------------------------------
     0 | D:1      | qw the Naga Hunter began the quest for the Orb.
     0 | D:1      | Reached XP level 1. HP: 19/19 MP: 1/1
     0 | D:1      | 0 ||| qw: Version: 0.3-a-7-ge0c9b40
     0 | D:1      | 0 ||| qw: Game counter: 774
     0 | D:1      | 0 ||| qw: Always use a shield: true
     0 | D:1      | 0 ||| qw: God list: Okawaru
     0 | D:1      | 0 ||| qw: Allow faded altars: false
     0 | D:1      | 0 ||| qw: Do Orc after D:15 true
     0 | D:1      | 0 ||| qw: Do second Lair branch before Depths: true
     0 | D:1      | 0 ||| qw: Lair rune preference: random
     0 | D:1      | 0 ||| qw: Plans: Normal
     0 | D:1      | 0 ||| PLANNING D:1-11
    14 | D:1      | 14 ||| INVOKING Spit Poison.
    44 | D:1      | 44 ||| INVOKING Spit Poison.
    49 | D:1      | 49 ||| INVOKING Spit Poison.
    90 | D:1      | Found a faded altar of an unknown god.
   118 | D:1      | 118 ||| INVOKING Spit Poison.
   158 | D:1      | 158 ||| INVOKING Spit Poison.
   167 | D:1      | 167 ||| INVOKING Spit Poison.
   168 | D:1      | Reached skill level 4 in Ranged Weapons
   168 | D:1      | Reached XP level 2. HP: 26/26 MP: 2/2
   181 | D:1      | 181 ||| INVOKING Spit Poison.
   277 | D:1      | 277 ||| INVOKING Spit Poison.
   361 | D:1      | 361 ||| INVOKING Spit Poison.
   364 | D:1      | 364 ||| INVOKING Spit Poison.
   367 | D:1      | 367 ||| INVOKING Spit Poison.
   385 | D:1      | 385 ||| INVOKING Spit Poison.
   390 | D:1      | 390 ||| INVOKING Spit Poison.
   393 | D:1      | 393 ||| INVOKING Spit Poison.
   394 | D:1      | 394 ||| INVOKING Spit Poison.
   395 | D:1      | HP: 6/26 [jackal (2)]
   494 | D:1      | 494 ||| INVOKING Spit Poison.
   497 | D:1      | 497 ||| INVOKING Spit Poison.
   508 | D:1      | Reached XP level 3. HP: 32/32 MP: 3/3
   591 | D:1      | 591 ||| INVOKING Spit Poison.
   718 | D:1      | 718 ||| INVOKING Spit Poison.
   821 | D:1      | 821 ||| INVOKING Spit Poison.
   840 | D:1      | 840 ||| INVOKING Spit Poison.
   862 | D:1      | 862 ||| INVOKING Spit Poison.
   863 | D:1      | 863 ||| INVOKING Spit Poison.
  1108 | D:1      | 1108 ||| READING scroll labelled IQE DYITIME.
  1109 | D:1      | 1109 ||| READING scroll labelled XYIZIU WICUAC.
  1110 | D:1      | 1110 ||| READING scroll labelled KIOMNILUOGE.
  1111 | D:1      | 1111 ||| DROPPING scroll of butterflies.
  1162 | D:2      | 1162 ||| INVOKING Spit Poison.
  1172 | D:2      | Found a transporter.
  1176 | D:2      | Found Riah's Weapon Boutique.
  1193 | D:2      | 1193 ||| INVOKING Spit Poison.
  1391 | D:2      | 1391 ||| INVOKING Spit Poison.
  1413 | D:2      | 1413 ||| INVOKING Spit Poison.
  1418 | D:2      | 1418 ||| Stepping ~*~*~tactically~*~*~ (outnumbered).
  1419 | D:2      | 1419 ||| INVOKING Spit Poison.
  1460 | D:2      | 1460 ||| INVOKING Spit Poison.
  1464 | D:2      | 1464 ||| INVOKING Spit Poison.
  1468 | D:2      | 1468 ||| INVOKING Spit Poison.
  1469 | D:2      | Reached skill level 5 in Ranged Weapons
  1469 | D:2      | Reached XP level 4. HP: 38/39 MP: 4/4
  1522 | D:2      | 1522 ||| INVOKING Spit Poison.
  1602 | D:2      | 1602 ||| INVOKING Spit Poison.
  1607 | D:2      | 1607 ||| INVOKING Spit Poison.
  1650 | D:2      | Found a runed translucent door.
  1651 | D:2      | Noticed Crazy Yiuf
  1749 | D:2      | 1749 ||| INVOKING Spit Poison.
  1755 | D:2      | 1755 ||| INVOKING Spit Poison.
  1760 | D:2      | 1760 ||| INVOKING Spit Poison.
  1809 | D:2      | 1809 ||| INVOKING Spit Poison.
  1941 | D:2      | Found a transporter.
  2045 | D:2      | 2045 ||| UPGRADING to +0 barding.
  2050 | D:2      | 2050 ||| UPGRADING to +0 leather armour of fire resistance.
  2060 | D:2      | 2060 ||| DROPPING +0 leather armour.
  2061 | D:2      | 2061 ||| UPGRADING to amulet of regeneration.
  2066 | D:2      | 2066 ||| READING scroll labelled XUCLEM XUOQY.
  2067 | D:2      | 2067 ||| READING 2 scrolls labelled QEIF EMNUA.
  2068 | D:2      | 2068 ||| DRINKING 2 ruby potions.
  2069 | D:2      | 2069 ||| DROPPING potion of attraction.
  2121 | D:3      | 2121 ||| INVOKING Spit Poison.
  2143 | D:3      | 2143 ||| INVOKING Spit Poison.
  2145 | D:3      | Reached skill level 3 in Fighting
  2162 | D:3      | 2162 ||| INVOKING Spit Poison.
  2167 | D:3      | 2167 ||| INVOKING Spit Poison.
  2172 | D:3      | Reached XP level 5. HP: 44/49 MP: 5/5
  2206 | D:3      | 2206 ||| INVOKING Spit Poison.
  2213 | D:3      | Noticed Sigmund
  2216 | D:3      | 2216 ||| INVOKING Spit Poison.
  2220 | D:3      | 2220 ||| INVOKING Spit Poison.
  2226 | D:3      | 2226 ||| INVOKING Spit Poison.
  2226 | D:3      | Killed Sigmund
  2227 | D:3      | Reached skill level 3 in Armour
  2227 | D:3      | Reached XP level 6. HP: 43/56 MP: 6/6
  2246 | D:3      | 2246 ||| INVOKING Spit Poison.
  2283 | D:3      | Identified the +1 leather armour of Death Resistance {Harm
                  | Str+4 Dex-2 SInv}
  2297 | D:3      | 2297 ||| INVOKING Spit Poison.
  2314 | D:3      | 2314 ||| INVOKING Spit Poison.
  2317 | D:3      | 2317 ||| INVOKING Spit Poison.
  2363 | D:3      | Found a glowing silver altar of Zin.
  2364 | D:3      | 2364 ||| INVOKING Spit Poison.
  2367 | D:3      | 2367 ||| INVOKING Spit Poison.
  2371 | D:3      | Found a sacrificial altar of Ru.
  2373 | D:3      | Found a burning altar of Makhleb.
  2375 | D:3      | 2375 ||| INVOKING Spit Poison.
  2393 | D:3      | 2393 ||| INVOKING Spit Poison.
  2580 | D:3      | 2580 ||| INVOKING Spit Poison.
  2583 | D:3      | 2583 ||| INVOKING Spit Poison.
  2587 | D:3      | 2587 ||| INVOKING Spit Poison.
  2641 | D:3      | 2641 ||| DROPPING +1 leather armour of Death Resistance
                  | {Harm Str+4 Dex-2 SInv}.
  2642 | D:3      | 2642 ||| READING 2 scrolls labelled XAOLESTRAYNI.
  2643 | D:3      | 2643 ||| READING scroll labelled ULOMOB ERIFFULL.
  2644 | D:3      | 2644 ||| READING scroll labelled HOSKUA ODEEMO.
  2645 | D:3      | 2645 ||| READING 2 scrolls of identify.
  2645 | D:3      | 2645 ||| IDENTIFYING bubbling pink potion
  2646 | D:3      | 2646 ||| DROPPING scroll of noise.
  2714 | D:4      | 2714 ||| INVOKING Spit Poison.
  2718 | D:4      | 2718 ||| INVOKING Spit Poison.
  2729 | D:4      | 2729 ||| INVOKING Spit Poison.
  2733 | D:4      | 2733 ||| INVOKING Spit Poison.
  2738 | D:4      | 2738 ||| INVOKING Spit Poison.
  2741 | D:4      | HP: 14/56 [gnoll/+0 flail (5)]
  2744 | D:4      | 2744 ||| INVOKING Spit Poison.
  2744 | D:4      | HP: 5/56 [kobold/+0 club (3)]
  2744 | D:4      | Slain by a gnoll

Levels and vault maps discovered:
D:1:      psy_arrival_terrarium, layout_basic,
          shapermc_ecumenical_altar_mp_highgroup, nicolae_eternal_life,
          serial_bayou_pond_a, minmay_strange_pillars
D:2:      minmay_alternating_diamond, layout_basic, serial_shops,
          nicolae_shop_drivethru, serial_bayou_pond_d, feat_on_display,
          uniq_crazy_yiuf_cottage
D:3:      layout_rooms, gammafunk_temple_overflow_forgotten,
          amcnicky_mini_corridor_feature, uniq_sigmund
D:4:      layout_loops_cross, minmay_temple_entry_stoned_glass, serial_shops,
          shop

Skill      XL: |  1  2  3  4  5 |
---------------+----------------+-----
Ranged Weapons | 4 5 |  5.3
Fighting       | 3 |  3.0
Armour         | 3 |  3.3
Dodging        | |  1.5
Stealth        | |  1.5

Action                     |  1- 3 |  4- 6 || total
---------------------------+-------+-------++-------
   Fire: Shortbow          |    86 |    86 ||   172
Ability: Spit Poison       |    29 |    32 ||    61
    Use: Scroll            |     3 |     6 ||     9
         Potion            |       |     1 ||     1
 Armour: Leather armour    |     8 |    33 ||    41
  Dodge: Dodged            |    16 |    11 ||    27

Table legend:
 A = Non-vault XP
 B = Vault XP
 C = Vault XP percentage of total XP
 D = Non-vault monster count
 E = Vault monster count
 F = Vault count percentage of total count
                 A         B        C        D         E       F
            +---------+---------+-------+---------+---------+-------
      Total |     243 |     253 |  51.0 |      75 |       5 |   6.2
            +---------+---------+-------+---------+---------+-------
        D:1 |      52 |       0 |   0.0 |      30 |       0 |   0.0
        D:2 |      77 |      10 |  11.5 |      18 |       4 |  18.2
        D:3 |      65 |     243 |  78.9 |      21 |       1 |   4.5
        D:4 |      49 |       0 |   0.0 |       6 |       0 |   0.0
            +---------+---------+-------+---------+---------+-------
